[Event "Team 45 45 League T32"]
[Site "Internet Chess Club"]
[Date "2007.02.02"]
[Round "3"]
[White "LittleBunny"]
[Black "seldredg"]
[Result "1-0"]
[WhiteElo "1313"]
[BlackElo "1293"]
[ECO "B01"]
[TimeControl "2700+45"]

1. e4 d5 2. exd5 Qxd5 3. Nc3 Qd6 4. Nf3 Nf6 5. h3 a6 6. a3 b5 7. Be2 Bb7 8. O-O
e6 9. d4 Be7 10. g3 O-O 11. Bf4 Qd8 12. Nh2 Re8 13. Bf3 c6 14. Qd3 Bd6 15. Bxd6
Qxd6 16. Rad1 Nbd7 17. Ne4 Qc7 18. c3 Rad8 19. h4 Ne5 20. Qe3 Nxf3+ 21. Qxf3
Nxe4 22. Qxe4 c5 23. Qe3 cxd4 24. cxd4 Rd5 25. Rd2 h6 26. f3 Qxg3+ 27. Kh1 Rh5
28. Rg1 Qh3 29. Rf2 Rxh4 30. Rgg2 Rd8 31. Kg1 Rd5 32. Qc3 Rdxd4 33. Rd2 Rxd2 34.
Qxg7# {Black checkmated} 1-0

[Event "Team 45 45 League T32"]
[Site "Internet Chess Club"]
[Date "2007.02.03"]
[Round "3"]
[White "BarryNL"]
[Black "slakkjaw"]
[Result "1-0"]
[WhiteElo "1427"]
[BlackElo "1203"]
[ECO "C65"]
[TimeControl "2700+45"]

1. e4 e5 2. Nf3 Nc6 3. Bb5 Nf6 4. O-O d5 5. exd5 Nxd5 6. Bxc6+ bxc6 7. Nxe5 Qd6
8. Re1 Be7 9. d3 O-O 10. Bd2 Bb7 11. Nc3 a6 12. Qe2 Rae8 13. Nc4 Qd7 14. Ne4 c5
15. Qf3 f6 16. Qg3 Rf7 17. f3 Qd8 18. Qf2 c6 19. Nxc5 Bxc5 20. Qxc5 Rfe7 21.
Rxe7 Rxe7 22. Re1 Rxe1+ 23. Bxe1 Qe8 24. Qf2 Nf4 25. Nd6 Qe7 26. Nxb7 Qxb7 27.
Qe3 g5 28. Bc3 Qf7 29. a3 h5 30. Qc5 Qa2 31. Qc4+ Qxc4 32. dxc4 Ne2+ 33. Kf2
Nxc3 34. bxc3 Kf7 35. Ke3 Ke6 36. Ke4 f5+ 37. Kd4 Kd6 38. c5+ Ke6 39. g3 f4 40.
a4 Kf5 41. Kd3 fxg3 42. hxg3 g4 43. Ke3 h4 44. gxh4 g3 45. Ke2 Kf4 46. Kf1 Kxf3
47. h5 g2+ 48. Kg1 Kg4 49. h6 Kg5 50. h7 Kg6 51. h8=Q {Black resigns} 1-0

[Event "Team 45 45 League T32"]
[Site "Internet Chess Club"]
[Date "2007.02.03"]
[Round "3"]
[White "hotzoddy"]
[Black "gentle-spirit"]
[Result "1/2-1/2"]
[WhiteElo "1242"]
[BlackElo "1283"]
[ECO "C00"]
[TimeControl "2700+45"]

1. e4 e6 2. Nc3 c5 3. Nf3 h6 4. Be2 b6 5. O-O Bb7 6. Re1 Bc6 7. d4 cxd4 8. Nxd4
Bb4 9. Nxc6 Nxc6 10. Bd2 Nf6 11. Bf3 O-O 12. e5 Ne8 13. a3 Be7 14. Bxc6 dxc6 15.
b4 f6 16. exf6 Rxf6 17. Ne4 Rg6 18. Ng3 Bg5 19. Bxg5 Qxd1 20. Raxd1 hxg5 21. Re5
Kf7 22. Ne4 g4 23. c4 Rc8 24. Rf1 Rd8 25. f3 Nf6 26. fxg4 Rxg4 27. Ng5+ Kg6 28.
Nxe6 Re8 29. Ree1 Rxc4 30. Nc7 Rxe1 31. Rxe1 Re4 32. Rxe4 Nxe4 33. b5 c5 34. Kf1
Kf6 35. Ke1 Ke7 36. a4 Kd7 37. Nd5 Kd6 38. Ne3 g6 39. g4 Nc3 40. Nc4+ Kc7 41.
Nb2 Kd6 42. Kd2 Ne4+ 43. Ke3 Ke5 44. a5 Nc3 45. axb6 axb6 46. Nc4+ Ke6 47. Nxb6
Nxb5 48. h4 Nd6 49. Kd3 Ke5 50. h5 g5 51. h6 Kf4 52. h7 Nf7 53. Kc4 Kxg4 54.
Kxc5 Kh5 55. Nd5 Kh6 56. Ne3 Kxh7 57. Kd4 Kh6 58. Ke4 Nd6+ 59. Kf3 Kh5 60. Kg2
Nf7 61. Kh3 Kg6 62. Ng4 Nh6 63. Ne5+ Kh5 64. Kg3 Nf5+ 65. Kf3 Kh4 {Game drawn by
mutual agreement} 1/2-1/2

[Event "Team 45 45 League T32"]
[Site "Internet Chess Club"]
[Date "2007.02.03"]
[Round "3"]
[White "A-Pedajas"]
[Black "fuzzface"]
[Result "1-0"]
[WhiteElo "1431"]
[BlackElo "1303"]
[ECO "B23"]
[TimeControl "2700+45"]

1. e4 c5 2. Nc3 Nc6 3. d3 e5 4. Nf3 h6 5. g3 Nf6 6. Bg2 d6 7. O-O Bg4 8. h3 Bxf3
9. Qxf3 Nd4 10. Qd1 a6 11. Ne2 Be7 12. Nxd4 cxd4 13. f4 Rc8 14. Bd2 Qb6 15. b3
Qc5 16. b4 Qxc2 17. Qe2 Qc7 18. Rac1 Qd7 19. f5 d5 20. exd5 Rxc1 21. Rxc1 Nxd5
22. Bxd5 Qxd5 23. Rc8+ Bd8 24. Rc5 Qd6 25. Qxe5+ Qxe5 26. Rxe5+ Be7 27. b5 f6
28. Rd5 O-O 29. bxa6 bxa6 30. Kg2 Re8 31. Rxd4 Bc5 32. Re4 Kf7 33. Rxe8 Kxe8 34.
Kf3 Bd6 35. g4 Kf7 36. Ke4 Ke7 37. Kd5 Kd7 38. a4 Be5 39. Bb4 Ke8 40. Kc6 Bd4
41. Kb7 a5 42. Bxa5 Bc5 43. Bb6 {Black resigns} 1-0

[Event "Team 45 45 League T32"]
[Site "Internet Chess Club"]
[Date "2007.02.03"]
[Round "3"]
[White "klt713"]
[Black "Just-Jim"]
[Result "1/2-1/2"]
[WhiteElo "1292"]
[BlackElo "1440"]
[ECO "D10"]
[TimeControl "2700+45"]

1. d4 d5 2. c4 c6 3. Nc3 Bf5 4. Nf3 h6 5. e3 Nf6 6. Be2 Nbd7 7. O-O e6 8. Qe1 a6
9. Nd2 Qc7 10. f4 c5 11. h3 cxd4 12. exd4 dxc4 13. Nxc4 Bb4 14. Bd2 O-O 15. Rc1
Qd8 16. Bf3 Rb8 17. a3 Bxc3 18. bxc3 Bd3 19. Be2 Bxc4 20. Bxc4 b5 21. Bd3 Nb6
22. Qf2 Qd6 23. Qh4 Nbd5 24. f5 e5 25. Bxh6 e4 26. Qg5 Ne8 27. Bxe4 Qxh6 28.
Qxh6 gxh6 29. Bxd5 Nf6 30. Bf3 Rbe8 31. d5 Rd8 32. Rfd1 Rd6 33. c4 bxc4 34. Rxc4
Rfd8 35. Rcd4 Ne8 36. Kf2 Rf6 37. g4 h5 38. Kg3 Nd6 39. Kf4 hxg4 40. hxg4 Rh6
41. Ra4 Nb5 42. Rh1 Rhd6 43. g5 Nc3 44. Rd4 Kg7 45. Rd3 Nxd5+ 46. Bxd5 Rxd5 47.
Rxd5 Rxd5 48. f6+ Kg8 49. Ra1 Ra5 50. a4 Kf8 51. Kg4 Ke8 52. Kh5 Re5 53. a5 Kd7
54. Rd1+ Ke6 55. Ra1 Kf5 56. Rf1+ Ke6 57. Ra1 Kf5 {Game drawn by mutual
agreement} 1/2-1/2

[Event "Team 45 45 League T32"]
[Site "Internet Chess Club"]
[Date "2007.02.06"]
[Round "3"]
[White "dcuprill"]
[Black "fabill"]
[Result "1/2-1/2"]
[WhiteElo "1233"]
[BlackElo "1250"]
[ECO "B00"]
[TimeControl "2700+45"]

1. e4 a6 2. d4 d5 3. exd5 Qxd5 4. Nc3 Qd8 5. Bc4 e6 6. Nf3 h6 7. Ne5 Bd6 8. Be3
Nf6 9. Qe2 O-O 10. O-O-O c6 11. Bd3 b5 12. g4 Bxe5 13. dxe5 Nd5 14. Nxd5 cxd5
15. Bc5 Re8 16. Qe3 Nd7 17. Bd6 Bb7 18. g5 Qxg5 19. Qxg5 hxg5 20. Rhg1 f6 21.
exf6 gxf6 22. h4 Kf7 23. h5 Rh8 24. Bg6+ Kg7 25. Rh1 d4 26. Rh2 e5 27. Bf5 Rad8
28. h6+ Kf7 29. h7 Nf8 30. Bxf8 Rdxf8 31. c3 Rd8 32. cxd4 exd4 33. Rh3 Bc8 34.
Bxc8 Rxc8+ 35. Kb1 Rcd8 36. Kc2 Kg7 37. Rhd3 Rxh7 38. Rxd4 Rxd4 39. Rxd4 Kg6 40.
b4 Rh2 41. Rd2 Kf5 42. Kc3 Rh3+ 43. Kc2 Ra3 44. Kb2 Rf3 45. Rd5+ Kg6 46. Rd2 Rf4
47. a3 Rh4 48. f3 Rf4 49. Rd6 Rxf3 50. Rxa6 Rf2+ 51. Kb3 Rf3+ 52. Ka2 g4 53. a4
bxa4 54. b5 g3 55. Ra8 g2 56. Rg8+ Kf7 57. Rxg2 Rb3 58. Rb2 Ke7 59. b6 Kd7 60.
Rd2+ Kc6 61. Rd4 Rxb6 62. Rxa4 Kc7 63. Rc4+ Kb7 64. Rf4 Ra6+ 65. Kb3 Rc6 66. Kb4
Kc7 67. Rf5 Kd7 68. Kb5 Re6 69. Kc5 Re5+ 70. Rxe5 fxe5 71. Kd5 Ke7 72. Kxe5
{Game drawn because neither player has mating material} 1/2-1/2

[Event "Team 45 45 League T32"]
[Site "Internet Chess Club"]
[Date "2007.02.03"]
[Round "3"]
[White "DayDream01"]
[Black "peterts"]
[Result "1-0"]
[WhiteElo "1115"]
[BlackElo "996"]
[ECO "D45"]
[TimeControl "2700+45"]

1. d4 d5 2. c4 c6 3. Nc3 e6 4. e3 Nf6 5. Nf3 Be7 6. g3 O-O 7. Bg2 Bd7 8. O-O Ng4
9. Nh4 c5 10. Qxg4 e5 11. Qe2 e4 12. Nxd5 Re8 13. Bxe4 Bxh4 14. Qh5 Bh3 15.
Qxh7+ Kf8 16. Qh8# {Black checkmated} 1-0

[Event "Team 45 45 League T32"]
[Site "Internet Chess Club"]
[Date "2007.02.02"]
[Round "3"]
[White "Kinglord"]
[Black "Ernie1"]
[Result "0-1"]
[WhiteElo "1661"]
[BlackElo "1688"]
[ECO "B14"]
[TimeControl "2700+45"]

1. e4 c6 2. d4 d5 3. exd5 cxd5 4. c4 Nf6 5. Nc3 e6 6. Nf3 Bb4 7. Bd3 Qa5 8. Qb3
Bxc3+ 9. Qxc3 Qxc3+ 10. bxc3 b6 11. cxd5 Nxd5 12. Bd2 Ba6 13. Bxa6 Nxa6 14. a3
Rc8 15. Rc1 O-O 16. O-O Rc7 17. c4 Nf6 18. Bf4 Rcc8 19. Rfe1 Nd7 20. Red1 Rc6
21. d5 exd5 22. cxd5 Rxc1 23. Rxc1 Nac5 24. Ne5 Nxe5 25. Bxe5 Nd3 26. Rc7 Nxe5
27. Rxa7 Rd8 28. Rb7 Nc4 29. d6 Kf8 30. Kf1 Rxd6 31. g4 Nxa3 32. g5 Nc4 33. Rb8+
Ke7 34. Rb7+ Rd7 35. Rb8 Ke6 36. Rh8 Rd5 37. h4 b5 38. Rxh7 g6 39. Rh8 Nd6 40.
Ke2 b4 41. Rb8 Rb5 42. Rxb5 Nxb5 43. Kd3 Kd5 44. f4 Nd6 45. Kc2 Nf5 {White
resigns} 0-1

[Event "Team 45 45 League T32"]
[Site "Internet Chess Club"]
[Date "2007.02.01"]
[Round "3"]
[White "Mutaant"]
[Black "tryanything"]
[Result "0-1"]
[WhiteElo "1462"]
[BlackElo "1655"]
[ECO "C77"]
[TimeControl "2700+45"]

1. e4 e5 2. Nf3 Nc6 3. Bb5 a6 4. Ba4 Nf6 5. d3 b5 6. Bb3 Bc5 7. Bg5 h6 8. Bh4 d6
9. h3 O-O 10. O-O Be6 11. Bxe6 fxe6 12. Nc3 Ne7 13. Qd2 Ng6 14. Bg3 Nh5 15. Bh2
Nhf4 16. Ne1 Qg5 17. Bg3 Nxh3+ {White resigns} 0-1

[Event "Team 45 45 League T32"]
[Site "Internet Chess Club"]
[Date "2007.02.04"]
[Round "3"]
[White "FiendAngelical"]
[Black "PaleMorningDun"]
[Result "1-0"]
[WhiteElo "1659"]
[BlackElo "1563"]
[ECO "B01"]
[TimeControl "2700+45"]

1. e4 d5 2. exd5 Nf6 3. d4 Bg4 4. f3 Bf5 5. Bb5+ Nbd7 6. c4 a6 7. Ba4 b5 8. cxb5
Nxd5 9. bxa6 Rxa6 10. Ne2 Qa8 11. Nbc3 c6 12. Nxd5 cxd5 13. Nc3 e6 14. O-O Bb4
15. Bb3 O-O 16. Qe2 Rc8 17. Bd2 Qa7 18. Nb5 Qb6 19. Bxb4 Rb8 20. a4 e5 21. Bc3
exd4 22. Bxd4 Qa5 23. Bxd5 Qb4 24. Bc3 Qc5+ 25. Nd4 Rd6 26. Bxf7+ Kxf7 27. Rad1
Re8 28. Qb5 Qxb5 29. Nxb5 Rxd1 30. Rxd1 Re2 31. Nd6+ Ke6 32. Nxf5 Kxf5 33. Rxd7
{Black resigns} 1-0

[Event "Team 45 45 League T32"]
[Site "Internet Chess Club"]
[Date "2007.02.02"]
[Round "3"]
[White "fredd"]
[Black "twinders"]
[Result "0-1"]
[WhiteElo "1565"]
[BlackElo "1669"]
[ECO "E10"]
[TimeControl "2700+45"]

1. d4 Nf6 2. c4 e6 3. Nf3 c5 4. e3 cxd4 5. exd4 Bb4+ 6. Nc3 O-O 7. Be2 Bxc3+ 8.
bxc3 b6 9. O-O Ba6 10. Bg5 d6 11. Re1 Nbd7 12. Qa4 Qc8 13. Nd2 Bb7 14. Bf4 e5
15. dxe5 dxe5 16. Bg3 Qc6 17. Qxc6 Bxc6 18. Bf3 Bxf3 19. Nxf3 e4 20. Ng5 Rfe8
21. Re2 Rac8 22. f3 exf3 23. Rxe8+ Rxe8 24. Nxf3 Re3 25. Be1 Nc5 26. Rd1 Kf8 27.
Bf2 Rxc3 28. Nd2 Nfe4 29. Nxe4 Nxe4 30. Bh4 f6 31. Be1 Rxc4 32. h3 Ke7 33. a3
Nc3 34. Rd3 Ne2+ 35. Kf2 Nf4 36. Re3+ Kf7 37. Kf3 Nd5 38. Re4 Rxe4 39. Kxe4 Ke6
40. g4 g6 41. Kd4 a6 42. Bd2 Nc7 43. a4 Nd5 44. Bc1 Ne7 45. Bd2 Nc6+ 46. Ke4 f5+
47. gxf5+ gxf5+ 48. Kf4 b5 49. axb5 axb5 50. h4 Kf6 51. Bc3+ Kg6 52. h5+ Kxh5
53. Kxf5 b4 54. Bb2 b3 55. Ke4 Kg4 56. Kd3 h5 57. Kc4 h4 58. Kc5 h3 {White
resigns} 0-1

[Event "Team 45 45 League T32"]
[Site "Internet Chess Club"]
[Date "2007.02.03"]
[Round "3"]
[White "AAWegerif"]
[Black "jlowe"]
[Result "0-1"]
[WhiteElo "1756"]
[BlackElo "1584"]
[ECO "B19"]
[TimeControl "2700+45"]

1. e4 c6 2. d4 d5 3. Nc3 dxe4 4. Nxe4 Bf5 5. Ng3 Bg6 6. h4 h6 7. Nf3 Nd7 8. h5
Bh7 9. Bd3 Bxd3 10. Qxd3 e6 11. Bd2 Ngf6 12. O-O-O Be7 13. Kb1 O-O 14. Qe2 Qc7
15. Ne5 Bd6 16. f4 c5 17. Be3 Rad8 18. Nf1 cxd4 19. Bxd4 Nxe5 20. fxe5 Bxe5 21.
Be3 Rxd1+ 22. Qxd1 Rd8 23. Qf3 Qc6 24. Qe2 a6 25. Bc1 Qe4 26. Qxe4 Nxe4 27. Ne3
b5 28. c4 Nd2+ 29. Kc2 Nxc4 30. Nxc4 Rc8 31. b3 bxc4 32. b4 c3 33. Be3 Rc4 34.
a3 Kf8 35. Kd3 Rg4 36. Rg1 Rh4 37. Bc5+ Ke8 38. a4 Kd7 39. g4 Rh2 40. Kc4 c2 41.
Be3 Rh3 42. Bd2 Bb2 43. b5 axb5+ 44. axb5 c1=Q+ 45. Bxc1 Rc3+ 46. Kb4 Rxc1 47.
Rg2 Bf6 {White resigns} 0-1

[Event "Team 45 45 League T32"]
[Site "Internet Chess Club"]
[Date "2007.01.31"]
[Round "3"]
[White "MathWorker"]
[Black "GolfSuper"]
[Result "1-0"]
[WhiteElo "1519"]
[BlackElo "1517"]
[ECO "B23"]
[TimeControl "2700+45"]

1. e4 c5 2. Nc3 e6 3. f4 a6 4. Nf3 d5 5. d4 cxd4 6. Nxd4 Bb4 7. exd5 Qxd5 8. Qd3
Nf6 9. Bd2 Bxc3 10. Bxc3 O-O 11. Nb3 Qxd3 12. Bxd3 Nd5 13. Bd2 Nc6 14. Be4 Rd8
15. O-O-O Rb8 16. g3 b5 17. Rhe1 Bb7 18. Nc5 Nd4 19. Nxb7 Rxb7 20. c3 Nc6 21.
Re2 Rbd7 22. Be1 Na5 23. Red2 Nc4 24. Rd4 a5 25. Bf2 a4 26. Bxd5 Rxd5 27. Rxd5
Rxd5 28. Rxd5 exd5 29. Bc5 f5 30. b3 axb3 31. axb3 Na5 32. Kb2 Nb7 33. Bd4 g6
34. Ka3 Kf7 35. Kb4 Nd6 36. Be5 Ne4 37. Kxb5 Nd2 38. b4 Ke6 39. Kc6 Nc4 40. b5
h5 41. b6 Nxb6 42. Kxb6 Kd7 43. Kc5 Ke6 44. Kc6 h4 45. gxh4 {Black resigns} 1-0

[Event "Team 45 45 League T32"]
[Site "Internet Chess Club"]
[Date "2007.02.04"]
[Round "3"]
[White "strudel"]
[Black "jharris8000"]
[Result "0-1"]
[WhiteElo "1530"]
[BlackElo "1593"]
[ECO "C14"]
[TimeControl "2700+45"]

1. e4 e6 2. d4 d5 3. Nc3 Nf6 4. Bg5 Be7 5. e5 Nfd7 6. Bxe7 Qxe7 7. Nf3 O-O 8.
Bd3 c5 9. O-O Nc6 10. Re1 cxd4 11. Nb5 f6 12. exf6 Nxf6 13. Nbxd4 Bd7 14. Nxc6
bxc6 15. Ne5 Rae8 16. a4 c5 17. Nxd7 Qxd7 18. Bb5 Qd6 19. Bxe8 Rxe8 20. c4 d4
21. f3 Kf7 22. Qd2 Qb6 23. a5 Qb3 24. Rec1 e5 25. Ra3 Qb8 26. Rf1 Nh5 27. Raa1
Qb3 28. g3 Qxc4 29. Rae1 Nf6 30. Qg5 Qd5 31. f4 e4 32. Qxd5+ Nxd5 33. Ra1 e3 34.
Rfc1 e2 35. Kf2 d3 36. Rxc5 d2 37. Rxd5 e1=Q+ 38. Rxe1 dxe1=Q+ {White resigns}
0-1

[Event "Team 45 45 League T32"]
[Site "Internet Chess Club"]
[Date "2007.02.04"]
[Round "3"]
[White "Millwright"]
[Black "curtintime"]
[Result "0-1"]
[WhiteElo "1359"]
[BlackElo "1284"]
[ECO "C44"]
[TimeControl "2700+45"]

1. e4 e5 2. Nf3 Nc6 3. d4 exd4 4. c3 dxc3 5. Nxc3 d6 6. Bc4 Be7 7. Qb3 Be6 8.
Bxe6 fxe6 9. Qxb7 Ne5 10. Nxe5 dxe5 11. Qb5+ Kf7 12. O-O Nf6 13. Qe2 Rf8 14. f4
Bd6 15. Be3 Kg8 16. Rad1 Qe7 17. f5 a5 18. fxe6 Qxe6 19. Kh1 a4 20. a3 Qe7 21.
Qc4+ Qf7 22. Qxf7+ Rxf7 23. Rf3 Ng4 24. Rxf7 Kxf7 25. Bg5 Nf2+ {White resigns}
0-1

[Event "Team 45 45 League T32"]
[Site "Internet Chess Club"]
[Date "2007.02.01"]
[Round "3"]
[White "JustinZ"]
[Black "schweppz"]
[Result "1-0"]
[WhiteElo "1298"]
[BlackElo "1479"]
[ECO "B01"]
[TimeControl "2700+45"]

1. e4 d5 2. exd5 Nf6 3. Nc3 g6 4. Bc4 Bg7 5. Nf3 O-O 6. d4 Nbd7 7. O-O Nb6 8.
Bb3 Nbxd5 9. Nxd5 Nxd5 10. c3 c6 11. Re1 Bg4 12. Qd3 Qd6 13. Qe4 Bxf3 14. Qxf3
e6 15. Bxd5 exd5 16. b3 Rae8 17. Re3 Rxe3 18. Qxe3 Qd7 19. Ba3 Re8 20. Qd2 Qf5
21. Re1 Rxe1+ 22. Qxe1 Bf8 23. Bxf8 Kxf8 24. g3 Qc2 25. c4 dxc4 26. Qb4+ Kg7 27.
bxc4 Qd1+ 28. Kg2 b6 29. Qd6 c5 30. dxc5 Qxd6 31. cxd6 Kf6 32. d7 Ke7 33. Kf3
Kxd7 34. Ke4 Kd6 35. Kd4 f5 36. h4 h6 37. a3 a6 38. f3 a5 39. a4 g5 40. h5 g4
41. fxg4 fxg4 42. Ke4 Ke6 43. Kf4 Kf6 44. Kxg4 Ke5 45. Kf3 Kd4 46. Kf4 Kxc4 47.
g4 Kb4 48. g5 hxg5+ 49. Kxg5 Kxa4 50. h6 Kb3 51. h7 a4 52. h8=Q {Black resigns}
1-0

[Event "Team 45 45 League T32"]
[Site "Internet Chess Club"]
[Date "2007.02.03"]
[Round "3"]
[White "tmac63"]
[Black "Gomer"]
[Result "0-1"]
[WhiteElo "1157"]
[BlackElo "1332"]
[ECO "D00"]
[TimeControl "2700+45"]

1. d4 d5 2. e4 dxe4 3. f3 exf3 4. Qxf3 Qxd4 5. c3 Qg4 6. Nd2 Qxf3 7. Ngxf3 Nc6
8. Ne4 Bg4 9. h3 Bxf3 10. gxf3 O-O-O 11. Bd2 Ne5 12. Bg2 Nd3+ 13. Ke2 Nxb2 14.
h4 Nc4 15. Bh3+ e6 16. Rab1 Nf6 17. Rb3 Nxe4 18. Rd1 Nexd2 19. Rb5 Be7 20. f4
Ne4 21. Rdb1 Nxc3+ 22. Ke1 Bxh4+ 23. Kf1 Nd2+ 24. Kg2 Ndxb1 25. Ra5 Rd2+ 26. Kf3
Rxa2 27. Rh5 Bf6 28. Bf1 Nd2+ 29. Kf2 Nce4+ 30. Ke3 Ng3 31. Rh1 Ngxf1+ 32. Kf2
Bd4+ 33. Kg2 Ne3+ 34. Kg3 Ne4+ 35. Kf3 Nf6 36. Rc1 Rc2 37. Rb1 Re8 38. Rb4 Rc4
39. Rb5 Rd8 40. Ra5 Rc3 41. Rxa7 Ned5+ 42. Ke2 Bxa7 {White resigns} 0-1

[Event "Team 45 45 League T32"]
[Site "Internet Chess Club"]
[Date "2007.02.03"]
[Round "3"]
[White "jocooper"]
[Black "therookery"]
[Result "1-0"]
[WhiteElo "1152"]
[BlackElo "1206"]
[ECO "D02"]
[TimeControl "2700+45"]

1. d4 d5 2. Nf3 Nc6 3. e3 Nf6 4. Bd3 e6 5. O-O Bd6 6. Nbd2 O-O 7. Re1 Nb4 8. e4
Nxd3 9. cxd3 dxe4 10. dxe4 Bb4 11. a3 Bxd2 12. Qxd2 Re8 13. Qc2 b6 14. Bg5 Bb7
15. e5 Bxf3 16. gxf3 Qxd4 17. exf6 gxf6 18. Rad1 Qc5 19. Qxc5 bxc5 20. Bxf6 Rab8
21. Re2 c6 22. Rc2 Rb5 23. Rd6 Rc8 24. Rcd2 h5 25. Rd7 a5 26. Rd8+ Rxd8 27.
Rxd8+ Kh7 28. Rh8+ Kg6 29. Bc3 f5 30. f4 c4 31. Rg8+ Kf7 32. Rg5 h4 33. h3 Rd5
34. Rg7+ Kf8 35. Kg2 c5 36. Ra7 Kg8 37. Rxa5 Kf7 38. Ra4 Kg6 39. Rxc4 Kf7 40.
Ra4 Rd7 41. Ra8 Rd3 42. Rh8 {Black resigns} 1-0

[Event "Team 45 45 League T32"]
[Site "Internet Chess Club"]
[Date "2007.02.04"]
[Round "3"]
[White "ChessZak"]
[Black "guyd52"]
[Result "1/2-1/2"]
[WhiteElo "1496"]
[BlackElo "1282"]
[ECO "D15"]
[TimeControl "2700+45"]

1. d4 d5 2. c4 c6 3. Nc3 Nf6 4. Nf3 g6 5. Bg5 Bg7 6. e3 O-O 7. Be2 Nbd7 8. O-O
b6 9. cxd5 cxd5 10. h3 Bb7 11. Rb1 a6 12. b4 b5 13. a4 bxa4 14. Qxa4 Qc7 15.
Rfc1 Bc6 16. Qa5 Qxa5 17. bxa5 Rfc8 18. Bxf6 Bxf6 19. Rb2 e6 20. Rcb1 Bd8 21.
Ra1 Rcb8 22. Rxb8 Nxb8 23. Ne5 Bb7 24. Bf3 f6 25. Nd3 Nc6 26. Nc5 Bc8 27. Nxd5
exd5 28. Bxd5+ Kg7 29. Bxc6 Ra7 30. Bd5 Be7 31. Ne6+ Bxe6 32. Bxe6 Bd8 33. d5 f5
34. f3 Kf6 35. e4 Rb7 36. exf5 gxf5 37. g4 fxg4 38. hxg4 Rb3 39. Kg2 Rd3 40. f4
Bc7 41. f5 Rg3+ 42. Kf2 Rxg4 43. Kf3 Rg3+ 44. Ke4 h5 45. Rh1 Rg4+ 46. Kf3 Rg3+
47. Kf2 Rg5 48. Bc8 Ke5 49. Be6 Kf6 50. Rd1 Bg3+ 51. Kf3 h4 52. d6 h3 53. d7 Bc7
54. d8=Q+ Bxd8 55. Rd2 Bxa5 56. Ra2 Bc3 57. Rxa6 Rh5 58. Bc4+ Kg5 59. Rg6+ Kxf5
60. Rg1 Be5 61. Rh1 Rg5 62. Rxh3 {Game drawn by mutual agreement} 1/2-1/2

[Event "Team 45 45 League T32"]
[Site "Internet Chess Club"]
[Date "2007.02.05"]
[Round "3"]
[White "uipawn"]
[Black "Conjurer"]
[Result "1/2-1/2"]
[WhiteElo "1188"]
[BlackElo "1241"]
[ECO "B20"]
[TimeControl "2700+45"]

1. e4 c5 2. d3 d6 3. Nf3 Nf6 4. Nc3 g6 5. Bg5 Bg7 6. Bxf6 Bxf6 7. Nd5 Bxb2 8.
Rb1 Bg7 9. Be2 O-O 10. O-O Be6 11. c4 Qd7 12. a4 Nc6 13. Nf4 Bg4 14. Nh4 Bxe2
15. Nxe2 Nd4 16. Nxd4 Bxd4 17. Nf3 e5 18. Nxd4 exd4 19. Rb2 b6 20. Ra2 Rfe8 21.
Re1 a5 22. Qc1 f5 23. exf5 Qxf5 24. Rxe8+ Rxe8 25. Qb1 Rb8 26. Re2 d5 27. cxd5
Qxd5 28. g3 Qc6 29. Qa2+ Kg7 30. Re6 Qd7 31. Qe2 Kf7 32. Re4 Re8 33. Qa2+ Kg7
34. Rxe8 Qxe8 35. Qb3 Qc6 36. Qc4 Kf6 37. Qa2 Ke5 38. Qe2+ Kd6 39. f4 Qd5 40.
Qb2 Kc6 41. Qb5+ Kc7 42. h4 Qf3 43. Kh2 h5 44. Qe8 Qxd3 45. Qe7+ Kc8 46. Qe8+
Kc7 47. Qe7+ Kc6 48. Qe6+ Kc7 49. Qe7+ Kc8 50. Qe8+ Kb7 51. Qd7+ Kb8 52. Qd8+
Kb7 53. Qd7+ {Game drawn by mutual agreement} 1/2-1/2

[Event "Team 45 45 League T32"]
[Site "Internet Chess Club"]
[Date "2007.02.03"]
[Round "3"]
[White "WilmaP"]
[Black "WCB"]
[Result "0-1"]
[WhiteElo "1268"]
[BlackElo "1072"]
[ECO "B08"]
[TimeControl "2700+45"]

1. e4 d6 2. d4 Nf6 3. Nc3 g6 4. Nf3 Bg7 5. Bc4 O-O 6. O-O c6 7. e5 Nd5 8. Nxd5
cxd5 9. Bxd5 dxe5 10. dxe5 e6 11. Bg5 f6 12. Bxf6 Bxf6 13. exf6 exd5 14. f7+
Rxf7 15. Ne5 Re7 16. Re1 Qd6 17. f4 Nc6 18. c4 Nxe5 19. fxe5 Rxe5 20. Qd4 Rxe1+
21. Rxe1 Be6 22. c5 Qc6 23. b4 b5 24. Qf6 Re8 25. h4 Bd7 26. Rxe8+ Bxe8 27. Qg5
Bf7 28. Qe7 a5 29. bxa5 b4 30. Qd8+ Kg7 31. h5 Qxc5+ 32. Kh2 gxh5 33. Qg5+ Bg6
34. Qe5+ Kh6 35. Qf4+ Kg7 36. Qe5+ Kf7 37. Qf4+ Ke7 38. Qh4+ Kd7 39. Qh3+ Kc7
40. a6 Qd6+ 41. g3 Qxa6 42. Qh4 Qxa2+ 43. Kg1 b3 44. Qe7+ Kc6 45. Qe6+ Kc5 46.
Qe7+ Kd4 47. Qb4+ Ke5 48. Qe7+ Kf5 49. Qd7+ Kg5 50. Qe7+ Kg4 51. Qe6+ Kxg3 52.
Qe5+ Kg4 53. Qe6+ Kf3 54. Qxd5+ Be4 55. Qf7+ Kg4 56. Qg7+ Kf5 57. Qxh7+ Kf4 58.
Qh6+ Kg3 59. Qg5+ Kf3 60. Qxh5+ Ke3 61. Qg5+ Kd3 62. Qd8+ Kc2 63. Qc7+ Kb1 64.
Qc3 Qg2# {White checkmated} 0-1

[Event "Team 45 45 League T32"]
[Site "Internet Chess Club"]
[Date "2007.02.04"]
[Round "3"]
[White "chessateer"]
[Black "EdBorowski"]
[Result "1/2-1/2"]
[WhiteElo "1894"]
[BlackElo "1927"]
[ECO "B23"]
[TimeControl "2700+45"]

1. e4 c5 2. Nc3 g6 3. f4 Bg7 4. Nf3 d5 5. Nxd5 Nf6 6. Nxf6+ Bxf6 7. Bb5+ Nc6 8.
Bxc6+ bxc6 9. e5 Bg7 10. O-O O-O 11. d3 Ba6 12. Be3 c4 13. dxc4 Bxc4 14. Qxd8
Rfxd8 15. Rfd1 a6 16. b3 Bd5 17. Nd4 c5 18. Ne2 c4 19. Bb6 Rdb8 20. Bc5 Be4 21.
Rac1 e6 22. Nc3 Bf5 23. h3 h5 24. Na4 Bh6 25. Be3 Rb7 26. Kf2 Bf8 27. Nb6 Rxb6
28. Bxb6 Ba3 29. bxc4 Bxc1 30. Rxc1 Rc8 31. c5 Be4 32. c3 Kf8 33. g4 hxg4 34.
hxg4 Ke7 35. Rd1 Bd5 36. a3 Rh8 37. Kg3 Rh1 38. Rxh1 Bxh1 39. Kh4 Bc6 40. Kg5
Be4 41. Bc7 Bd5 42. f5 gxf5 43. gxf5 exf5 44. Kxf5 Kd7 45. Bd6 Kc6 46. Kf6 Kd7
47. Kf5 Kc6 48. Kf4 Kb5 49. Ke3 Kc4 50. c6 {Game drawn by mutual agreement}
1/2-1/2

[Event "Team 45 45 League T32"]
[Site "Internet Chess Club"]
[Date "2007.02.03"]
[Round "3"]
[White "LennyH"]
[Black "Qualm"]
[Result "1/2-1/2"]
[WhiteElo "1898"]
[BlackElo "1857"]
[ECO "B19"]
[TimeControl "2700+45"]

1. e4 c6 2. d4 d5 3. Nd2 dxe4 4. Nxe4 Bf5 5. Ng3 Bg6 6. h4 h6 7. Nf3 Nd7 8. h5
Bh7 9. Bd3 Bxd3 10. Qxd3 e6 11. Bf4 Qa5+ 12. Bd2 Qc7 13. O-O-O Ngf6 14. Ne4
O-O-O 15. Qe2 Nxe4 16. Qxe4 Be7 17. Bf4 Qa5 18. Kb1 Nf6 19. Qe5 Qxe5 20. Nxe5
Rhf8 21. f3 Nd7 22. g4 Bf6 23. Rhe1 Nxe5 24. Bxe5 Bxe5 25. dxe5 Rxd1+ 26. Rxd1
Rd8 27. Kc1 Rxd1+ 28. Kxd1 g6 29. Ke2 gxh5 30. gxh5 b6 31. Ke3 Kc7 32. Ke4 Kd7
33. f4 Kc7 34. f5 Kb7 35. Kd4 c5+ 36. Ke4 Kc6 37. fxe6 fxe6 38. c4 a6 39. Kd3 b5
40. b3 b4 41. Ke4 {Game drawn by mutual agreement} 1/2-1/2

[Event "Team 45 45 League T32"]
[Site "Internet Chess Club"]
[Date "2007.02.05"]
[Round "3"]
[White "parrot9"]
[Black "Wheels"]
[Result "0-1"]
[WhiteElo "1706"]
[BlackElo "1722"]
[ECO "B90"]
[TimeControl "2700+45"]

1. e4 c5 2. Nf3 d6 3. d4 cxd4 4. Nxd4 Nf6 5. Nc3 a6 6. Be3 Ng4 7. Bg5 h6 8. Bh4
g5 9. Bg3 Bg7 10. Qd2 Qb6 11. Nb3 Nc6 12. f3 Qe3+ 13. Qxe3 Nxe3 14. Kd2 Nxf1+
15. Rhxf1 Be6 16. Rad1 O-O-O 17. Kc1 Bxc3 18. bxc3 Rhf8 19. Kb2 Kc7 20. Nd4 Bc8
21. Rfe1 b6 22. h3 Rde8 23. Rd2 f5 24. exf5 Bxf5 25. Nxf5 Rxf5 26. Bxd6+ Kc8 27.
Rde2 Kd7 28. Bg3 Rb5+ 29. Ka1 Na5 30. Rd1+ Kc8 31. Rde1 Kd7 32. Rd1+ Kc8 33.
Rde1 Nc6 34. f4 Rc5 35. fxg5 hxg5 36. Bf2 Rb5 37. Re6 Kd7 38. g4 Rf8 39. Bd4 Rf3
40. R6e3 Rxe3 41. Rxe3 e5 42. Bxe5 Nxe5 43. a3 Nc4 44. Rd3+ Ke6 45. Rd8 Nxa3 46.
Rg8 Nxc2+ 47. Ka2 Kf7 48. Ra8 a5 49. Rh8 Ne3 50. Rh5 Nd1 51. h4 Nxc3+ 52. Ka3
gxh4 53. Rxh4 Rb4 54. Rh7+ Kg6 55. Rb7 Nd5 {White resigns} 0-1